 Dungeon Crawl Stone Soup version 0.30.1 (webtiles) character file.

Game seed: 15612654947920134775

606 Eryximachus the Shield-Bearer (level 7, -6/51 (56) HPs)
             Began as a Formicid Fighter on July 13, 2023.
             Was a Follower of Fedhas.
             Splashed by a jelly's acid (7 damage)
             ... on level 4 of the Dungeon.
             The game lasted 00:15:56 (4569 turns).

Eryximachus the Shield-Bearer (Formicid Fighter)    Turns: 4569, Time: 00:15:58

HP:   -6/51 (56)    AC: -5    Str: 21    XL:     7   Next: 71%
MP:   7/7           EV:  9    Int:  9    God:    Fedhas [*.....]
Gold: 215           SH:  5    Dex: 13    Spells: 6/6 levels left

rFire   . . .        a - +0 trident
rCold   . . .        c - +0 buckler
rNeg    . . .        b - +0 scale mail
rPois   +            (helmet unavailable)
rElec   .            (no cloak)
rCorr   .            t - +2 pair of gloves
SInv    +            (no boots)
Will    .....        (no amulet) Stlth
                     r - ring of poison resistance
HPRegen 0.28/turn    (no ring)
MPRegen 0.10/turn

%: no passive effects
@: corroded, drained
A: permanent stasis, dig shafts and tunnels, antennae 3, four strong arms
a: Dig, Shaft Self, Renounce Religion


You were on level 4 of the Dungeon.
You worshipped Fedhas.
Fedhas was aware of your devotion.
You visited 1 branch of the dungeon, and saw 4 of its levels.

You collected 215 gold pieces.

Inventory:

Hand Weapons
 a - a +0 trident (weapon)
Missiles
 p - 19 stones
 q - 2 throwing nets
 u - 5 poisoned darts (quivered)
Armour
 b - a +0 scale mail (worn)
 c - a +0 buckler (worn)
 j - a +0 leather armour
 t - a +2 pair of gloves (worn)
Jewellery
 r - a ring of poison resistance (left hand)
Wands
 w - a wand of light (2)
Scrolls
 e - 3 scrolls of teleportation
 f - a scroll of immolation {unknown}
 g - 3 scrolls of identify {unknown}
 l - a scroll of enchant weapon {unknown}
 n - a scroll of acquirement {unknown}
 s - 2 scrolls of enchant armour {unknown}
 v - a scroll of blinking {unknown}
Potions
 d - a potion of might
 h - 4 potions of mutation {unknown}
 i - a potion of invisibility {unknown}
 k - 2 potions of heal wounds {unknown}
 m - a potion of curing {unknown}
 o - 2 potions of degeneration {unknown}


   Skills:
 - Level 5.0 Fighting
 * Level 5.7 Polearms
 - Level 4.0 Armour
 + Level 6.3 Shields


You had 6 spell levels left.
You didn't know any spells.
Your spell library contained the following spells:

 Spells                   Type           Power      Damage    Failure   Level
 Freeze                   Ice            0%         1d3       78%         1
 Frozen Ramparts          Ice            0%         1d1       98%         3
 Hailstorm                Conj/Ice       0%         3d3       98%         3
 Volatile Blastmotes      Fire/Tloc      0%         2d10      98%         3
 Fulminant Prism          Conj/Hex       0%         3d5       100%        4
 Iskenderun's Mystic Bla  Conj/Tloc      0%         2d3       100%        4
 Lee's Rapid Deconstruct  Erth           0%         3d4*      100%        5


Dungeon Overview and Level Annotations

Branches:
Dungeon (4/15)
 Temple: D:4-7

Altars:
Cheibriados
Fedhas


Innate Abilities, Weirdness & Mutations

You cannot be hasted, slowed, berserked, paralysed or teleported.
You can dig through walls and to a lower floor.
You have a pair of large antennae on your head. (SInv)
Your four strong arms can wield two-handed weapons with a shield.


Message History

The jelly is heavily wounded.
The jelly hits you but does no damage.
You hit the jelly but do no damage.
Your hands burn!
The jelly is heavily wounded.
The jelly hits you.
You are splashed with acid!
You hit the jelly. The acid corrodes you!
Your hands burn!
The jelly is almost dead.
The jelly closely misses you.
You hit the jelly but do no damage. The acid corrodes you!
Your hands burn!
The jelly is almost dead.
The jelly hits you. The acid corrodes you!
You are splashed with acid.
You are too injured to fight recklessly!
You are too injured to fight recklessly!
You are too injured to fight recklessly!
The jelly attacks as you move away! The jelly hits you.
You are splashed with acid.
There is an open door here.
The jelly attacks as you move away! The jelly hits you.
You are splashed with acid.
* * * LOW HITPOINT WARNING * * *
You hit the jelly but do no damage. The acid corrodes you!
Your hands burn!
* * * LOW HITPOINT WARNING * * *
The jelly is almost dead.
The jelly barely misses you.
You hit the jelly but do no damage.
Your hands burn!
* * * LOW HITPOINT WARNING * * *
The jelly is almost dead.
You block the jelly's attack.
You hit the jelly but do no damage.
Your hands burn!
* * * LOW HITPOINT WARNING * * *
The jelly is almost dead.
You block the jelly's attack.
You hit the jelly but do no damage.
Your hands burn!
* * * LOW HITPOINT WARNING * * *
The jelly is almost dead.
The jelly hits you.
* * * LOW HITPOINT WARNING * * *
You are splashed with acid!
You die...
Fedhas appreciates your contribution to the ecosystem.

#......#..†..#....#..#........
#......#'#####....##+#........
########....###+#.............
#......#...+.............
#......#...#.............
#......##..#.............
#......##..#.............
##.....#...#.............
#.....J@........###'###.
#'######...######.....#.
#.........?..#...# #......#.
#....?.......#...# #......#.
#........=...#...# ########.
#............#..## #........
#............#### #........
#.....######## #........
##+### #........


You could see a jelly.

Vanquished Creatures
  5 wights
  A hound (D:4)
  2 orc priests (D:4)
  4 iguanas (D:4)
  4 adders
  4 gnolls (D:3)
  An ufetubus (D:4)
  A worm (D:3)
  2 dart slugs (D:1)
  9 orcs
  6 ball pythons
  10 endoplasms
  3 giant cockroaches
  5 goblins
  6 hobgoblins
  A quokka (D:1)
  3 bats
  2 frilled lizards (D:1)
  6 kobolds
  6 rats
81 creatures vanquished.

Notes
Turn   | Place    | Note
-------+----------+-------------------------------------------
     0 | D:1      | Eryximachus the Formicid Fighter began the quest for the
                  | Orb.
     0 | D:1      | Reached XP level 1. HP: 18/18 MP: 1/1
    44 | D:1      | Reached XP level 2. HP: 24/24 MP: 2/2
   432 | D:1      | Reached XP level 3. HP: 29/29 MP: 3/3
  1274 | D:3      | Found a blossoming altar of Fedhas.
  1294 | D:3      | Found a snail-covered altar of Cheibriados.
  1322 | D:3      | Became a worshipper of Fedhas Madash
  1405 | D:3      | Reached XP level 4. HP: 37/37 MP: 4/4
  2244 | D:2      | Reached XP level 5. HP: 42/42 MP: 5/5
  2527 | D:2      | Found a faded altar of an unknown god.
  2778 | D:4      | Reached skill level 5 in Shields
  2861 | D:4      | Reached XP level 6. HP: 31/48 MP: 6/6
  3103 | D:4      | Reached * piety under Fedhas
  3852 | D:3      | Reached skill level 5 in Polearms
  3852 | D:3      | Reached XP level 7. HP: 53/55 MP: 7/7
  4125 | D:4      | Reached skill level 5 in Fighting
  4125 | D:4      | Reached skill level 6 in Shields
  4569 | D:4      | HP: 1/51 [jelly (2)]
  4569 | D:4      | Splashed by a jelly's acid

Illustrated notes

Levels and vault maps discovered:
D:1:      wander_arrival_fairy_ring, layout_loops_corners, minmay_distorted
D:2:      layout_basic, shapermc_ecumenical_altar_venn
D:3:      layout_loops_cross, fedhas_altar_1, general_overflow_altar,
          kennysheep_cross_room
D:4:      layout_gridville

Skill      XL: |  1  2  3  4  5  6  7 |
---------------+----------------------+-----
Polearms       | 3 4 5 |  5.7
Armour         | 4 |  4.0
Fighting       | 4 5 |  5.0
Shields        | 5 6 |  6.3

Action                     |  1- 3 |  4- 6 |  7- 9 || total
---------------------------+-------+-------+-------++-------
  Melee: Trident           |    94 |   183 |    59 ||   336
Ability: Dig               |       |       |     1 ||     1
    Use: Scroll            |     1 |       |       ||     1
 Armour: Scale mail        |    29 |    55 |    12 ||    96
  Dodge: Dodged            |    26 |    50 |    12 ||    88
  Block: Buckler           |    19 |    43 |    14 ||    76
